 Dungeon Crawl Stone Soup version 0.25.1-2-g60ff931df9 (webtiles) character file.

Game seed: 8287391094041742885

100 nicanaca0 the Ruffian (level 4, 0/45 HPs)
             Began as a Troll Monk on Sept 28, 2020.
             Slain by Natasha (2 damage)
             ... on level 2 of the Dungeon.
             The game lasted 00:02:25 (1173 turns).

nicanaca0 the Ruffian (Troll Monk)                  Turns: 1173, Time: 00:02:25

Health: 0/45       AC:  6    Str: 19    XL:     4   Next: 47%
Magic:  3/3        EV: 10    Int:  7    God:
Gold:   116        SH:  0    Dex: 12    Spells: 3/3 levels left

rFire    . . .     SeeInvis .     - Unarmed
rCold    . . .     Gourm    +   (no shield)
rNeg     . . .     Faith    .   a - +0 robe
rPois    .         Spirit   .   (helmet restricted)
rElec    .         Reflect  .   (no cloak)
rCorr    .         Harm     .   (gloves unavailable)
MR       .....                  (boots unavailable)
Stlth    ++........             (no amulet)
HPRegen  0.55/turn              (no ring)
MPRegen  0.08/turn              (no ring)

@: no status effects
A: large, unfitting armour, claws 3, blurry vision 1, fast metabolism 3,
gourmand, regeneration 1, shaggy fur 1, tough skin 3, wild magic 1
a: no special abilities


You were on level 2 of the Dungeon.
You were very full.

You visited 1 branch of the dungeon, and saw 3 of its levels.

You collected 116 gold pieces.

Inventory:

Armour
 a - a +0 robe (worn)
Scrolls
 c - 2 scrolls of amnesia {unknown}
 d - a scroll of random uselessness {unknown}
 e - a scroll of remove curse {unknown}
 f - 4 scrolls of teleportation {unknown}
 g - a scroll of blinking {unknown}
 h - a scroll of fog {unknown}
 i - a scroll of identify {unknown}
 j - a scroll of enchant armour {unknown}
Comestibles
 b - 3 rations
 k - 3 chunks of flesh


   Skills:
 + Level 3.1 Fighting
 - Level 2.4 Dodging
 - Level 1.0 Stealth
 * Level 4.7 Unarmed Combat


You had 3 spell levels left.
You didn't know any spells.
Your spell library was empty.

Dungeon Overview and Level Annotations

Branches:
Dungeon (3/15)

Altars:

Annotations:
D:2 Natasha


Innate Abilities, Weirdness & Mutations

You are too large for most types of armour.
You have claws for hands.
Your metabolism is lightning-fast.
You like to eat raw meat.
Your natural rate of healing is unusually fast.
You are covered in fur. (AC +1)
You have extremely tough skin. (AC +3)
Scrolls take you a little longer to read.
Your spells are a little harder to cast, but a little more powerful.


Message History

The crimson imp disappears for a moment.
The crimson imp blinks!
Natasha barely misses you.
You barely miss Natasha.
Natasha is lightly wounded.
Natasha barely misses you. The crimson imp barely misses you.
Natasha closely misses you.
You claw Natasha!
Natasha is severely wounded.
The crimson imp blinks!
Natasha growls.
Natasha barely misses you.
You miss Natasha.
Natasha is severely wounded.
Natasha claws you but does no damage. Natasha claws you.
* * * LOW HITPOINT WARNING * * *
You barely miss Natasha.
Natasha is severely wounded.
You feel yourself speed up. Natasha claws you.
You die...

#...........###..##
#...[.......# ##.##
#..........## #...
##........## #..>
##.......# ##..
###<##...# #..
#.5....#.# ##.
#ยง#.####.########.
#@#.# #..........
#h#.#####.########
#5#)........#
#.(>..#####.###
#.###.# #...####
#.# #.# ###.[..#
### #.# ####.. #.#
### #.#


You could see an iron imp (summoned), Natasha and a crimson imp (summoned).

Vanquished Creatures
  Robin (D:2)
  An adder (D:2)
  2 gnolls (D:1)
  2 worms (D:2)
  2 dart slugs (D:1)
  A leopard gecko (D:2)
  4 giant cockroaches
  11 goblins
  9 hobgoblins
  3 kobolds
  A ball python (D:1)
  3 bats (D:1)
  2 frilled lizards (D:1)
  4 rats (D:1)
46 creatures vanquished.

Notes
Turn   | Place    | Note
-------+----------+-------------------------------------------
     0 | D:1      | nicanaca0 the Troll Monk began the quest for the Orb.
     0 | D:1      | Reached XP level 1. HP: 22/22 MP: 0/0
    92 | D:1      | Reached XP level 2. HP: 19/29 MP: 1/1
   248 | D:1      | Reached XP level 3. HP: 33/36 MP: 2/2
   287 | D:1      | Reached skill level 4 in Unarmed Combat
   728 | D:2      | Reached XP level 4. HP: 45/45 MP: 3/3
   752 | D:2      | Noticed Robin
   780 | D:2      | Gained mutation: Scrolls take you a little longer to read.
                  | [potion of mutation]
   780 | D:2      | Gained mutation: Your spells are a little harder to cast,
                  | but a little more powerful. [potion of mutation]
   785 | D:2      | Killed Robin
  1137 | D:3      | Noticed Natasha
  1172 | D:2      | HP: 1/45 [Natasha (5)]
  1173 | D:2      | Slain by Natasha

Illustrated notes

Levels and vault maps discovered:
D:1:      dpeg_arrival_connections, layout_rooms, corexii_hall_statues_s
D:2:      layout_rooms, st_stairs_1, lemuel_another_geyser, uniq_robin
D:3:      layout_rooms, gammafunk_ghost_icy, uniq_natasha, uniq_sigmund

Skill      XL: |  1  2  3 |
---------------+----------+-----
Unarmed Combat | 4 |  4.7
Fighting       | 3 |  3.1
Dodging        | |  2.4
Stealth        | |  1.0

Action                   |  1- 3 |  4- 6 || total
-------------------------+-------+-------++-------
Melee: Unarmed           |    87 |    54 ||   141
       Punch             |     1 |     1 ||     2
  Use: Potion            |       |     2 ||     2
 Stab: Sleeping          |     2 |       ||     2
  Eat: Chunk             |    11 |     5 ||    16
Armor: Robe              |    24 |    31 ||    55
Dodge: Dodged            |    50 |    46 ||    96
